AoeStats
← jordialg97

Arena

510566764Analyzed
2v2 RM · 1d ago on Oct 1, 2026· 59m 49s· 4 players
Game mode
Random Map
Map size
Medium (4 player)
Population
200
Speed
Normal
Resources
Standard
Victory
Conquest
Starting age
Dark Age
Ending age
Imperial Age
RankedLock teamsTeams togetherTeam positionsShared explorationLock speedFull tech treeHidden civsTurbo modeCheats
Victory
Defeat
🇩🇪 Teutons · Germany
1290
+17
🇩🇪 Chinese · Germany
1276
+17
🇳🇱 Bohemians · Netherlands
1307
-17
🇪🇸 Magyars · Spain
1306
-17
[ROIDZ] Hagen von Tronje
10:51 Feudal Age
11:28 Double-Bit Axe
11:26 Horse Collar
12:39 Loom
17:47 Castle Age
16:28 Gold Mining
17:17 Bloodlines
18:08 Scale Barding Armor
18:14 Forging
19:16 Chain Barding Armor
19:59 Heavy Plow
21:37 Bow Saw
23:36 Wheelbarrow
22:46 Loom
28:52 Fortified Wall
33:27 Hand Cart
36:10 Imperial Age
34:49 Iron Casting
34:26 Fletching
36:59 Pikeman
37:04 Cavalier
37:25 Sappers
38:18 Conscription
37:49 Halberdier
39:12 Plate Barding Armor
38:38 Scale Mail Armor
40:10 Two-Man Saw
39:04 Gambesons
39:20 Squires
39:06 Arson
40:04 Crenellations
41:37 Chain Mail Armor
48:19 Plate Mail Armor
49:28 Paladin
51:35 Heavy Scorpion
58:29 Ballistics
[ROIDZ] Sir Gawain
0:28 Loom
10:29 Feudal Age
17:31 Castle Age
15:46 Stone Mining
16:17 Double-Bit Axe
19:27 Padded Archer Armor
19:21 Fletching
20:56 Town Watch
28:06 Wheelbarrow
27:31 Gold Mining
27:56 Bow Saw
32:13 Imperial Age
33:45 Conscription
34:28 Hand Cart
40:07 Fortified Wall
42:07 Two-Man Saw
40:43 Elite Fire Lancer
41:25 Scale Mail Armor
42:38 Masonry
44:15 Chain Mail Armor
47:53 Ballistics
48:28 Squires
48:14 Arson
49:02 Plate Mail Armor
49:24 Forging
52:18 Architecture
52:49 Chemistry
55:18 Bodkin Arrow
55:59 Iron Casting
58:15 Elite Chu Ko Nu
59:37 Padded Archer Armor
cueromagico2
12:07 Feudal Age
15:43 Castle Age
14:56 Double-Bit Axe
14:52 Horse Collar
17:53 Bow Saw
21:46 Elite Skirmisher
23:07 Thumb Ring
22:56 Fletching
24:15 Bodkin Arrow
24:52 Loom
33:13 Ballistics
40:51 Masonry
44:10 Heavy Plow
44:56 Padded Archer Armor
48:56 Imperial Age
47:43 Gold Mining
49:56 Bracer
51:04 Chemistry
50:32 Parthian Tactics
51:02 Conscription
51:20 Leather Archer Armor
52:30 Wheelbarrow
51:41 Town Watch
51:42 Heavy Cavalry Archer
53:02 Recurve Bow
54:40 Two-Man Saw
54:14 Ring Archer Armor
53:55 Elite Magyar Huszar
56:08 Hoardings
56:07 Scale Barding Armor
56:15 Bloodlines
56:06 Husbandry
56:11 Light Cavalry
59:06 Chain Barding Armor
59:36 Crop Rotation
jordialg97
5:20 Loom
11:12 Feudal Age
11:46 Feudal Age
12:38 Double-Bit Axe
17:58 Castle Age
17:34 Horse Collar
19:36 Bow Saw
20:56 Wheelbarrow
24:40 Heavy Plow
27:48 Fervor
28:41 Hand Cart
32:38 Imperial Age
30:20 Husbandry
30:28 Scale Barding Armor
30:34 Forging
31:52 Chain Barding Armor
33:26 Cavalier
34:35 Conscription
37:05 Chemistry
39:36 Iron Casting
40:28 Elite Hussite Wagon
50:23 Light Cavalry
51:42 Fletching
55:21 Blast Furnace
57:48 Bodkin Arrow
Connection lost

Rejoining the realm…

Still unreachable

The connection could not be restored.

Session expired

The server has moved on; the page needs a fresh start.